AoeStats
← xxLABSxx

Fortress

510034242Analyzed
4v4 RM · 2d ago on Sep 29, 2026· 59m 18s· 8 players
Game mode
Random Map
Map size
Huge
Population
200
Speed
Normal
Resources
Standard
Victory
Conquest
Starting age
Dark Age
Ending age
Imperial Age
RankedLock teamsTeams togetherTeam positionsShared explorationLock speedFull tech treeHidden civsTurbo modeCheats
Victory
Defeat
🇺🇸 Bohemians · United States
1010
+18
🇨🇦 Danes · Canada
998
+19
🇺🇸 Spanish · United States
996
+19
🇺🇸 Persians · United States
992
+19
🇨🇴 Vikings · Colombia
1088
-21
🇧🇷 Koreans · Brazil
1051
-18
🇦🇷 Italians · Argentina
1044
-18
🇲🇽 Cumans · Mexico
1032
-18
Seceptania
4:00 Loom
6:22 Feudal Age
9:02 Horse Collar
17:40 Castle Age
15:28 Town Watch
17:11 Bloodlines
18:05 Scale Barding Armor
18:10 Forging
19:38 Chain Barding Armor
19:39 Steppe Husbandry
23:38 Wheelbarrow
29:24 Iron Casting
28:40 Fletching
36:47 Heavy Plow
39:55 Imperial Age
38:16 Hand Cart
40:08 Caravan
40:27 Masonry
40:43 Bodkin Arrow
40:50 Padded Archer Armor
42:05 Thumb Ring
44:29 Parthian Tactics
45:27 Leather Archer Armor
45:13 Heavy Cavalry Archer
46:40 Conscription
47:14 Hoardings
46:43 Gold Mining
47:42 Cuman Mercenaries
54:38 Ring Archer Armor
54:31 Ballistics
55:12 Chemistry
56:50 Elite Steppe Lancer
56:52 Cavalier
58:16 Plate Barding Armor
58:42 Blast Furnace
Azazeliums
6:28 Feudal Age
13:10 Castle Age
11:41 Double-Bit Axe
13:23 Wheelbarrow
12:36 Horse Collar
14:56 Bow Saw
17:19 Ballistics
20:15 Loom
26:09 Imperial Age
23:58 Hand Cart
23:54 Gold Mining
26:20 Thumb Ring
29:45 Chemistry
30:48 Fletching
30:59 Padded Archer Armor
33:03 Bodkin Arrow
33:24 Leather Archer Armor
35:22 Bracer
38:35 Caravan
40:08 Elite Skirmisher
41:38 Ring Archer Armor
44:52 Town Watch
57:47 Fortified Wall
Six
6:34 Feudal Age
8:30 Feudal Age
10:39 Double-Bit Axe
12:58 Castle Age
19:29 Stone Mining
19:30 Gold Mining
20:25 Fletching
22:24 Eupseong
22:22 Bodkin Arrow
23:35 Bow Saw
24:52 Horse Collar
25:04 Gold Mining
25:50 Stone Shaft Mining
30:20 Imperial Age
28:48 Scale Barding Armor
28:54 Forging
28:49 Husbandry
28:09 Light Cavalry
29:43 Town Watch
30:22 Chain Barding Armor
30:48 Gold Shaft Mining
30:40 Treadmill Crane
31:10 Bracer
31:47 Iron Casting
32:43 Chemistry
32:04 Ballistics
31:41 Murder Holes
31:56 Hussar
36:20 Siege Engineers
36:27 Masonry
42:40 Architecture
44:13 Two-Man Saw
Laundres
6:48 Feudal Age
12:11 Castle Age
20:09 Scale Mail Armor
20:41 Forging
22:34 Chain Mail Armor
23:36 Iron Casting
38:09 Gold Mining
38:49 Fortified Wall
38:50 Masonry
48:59 Loom
TeamBudRage
7:02 Feudal Age
11:25 Castle Age
10:14 Loom
12:06 Double-Bit Axe
13:02 Horse Collar
23:48 Heavy Plow
25:35 Bow Saw
29:45 Forging
29:35 Scale Mail Armor
31:08 Iron Casting
31:17 Pikeman
34:01 Squires
33:47 Arson
36:53 Imperial Age
35:07 Wheelbarrow
34:22 Town Watch
35:25 Chain Mail Armor
35:01 Fletching
37:03 Halberdier
38:58 Fortified Wall
49:33 Light Cavalry
51:02 Husbandry
53:19 Two-Man Saw
58:14 Elite Skirmisher
59:07 Scale Barding Armor
59:55 Hand Cart
xxLABSxx
0:33 Loom
8:04 Feudal Age
8:30 Horse Collar
8:37 Double-Bit Axe
16:34 Castle Age
17:01 Heavy Plow
17:15 Bow Saw
17:14 Gold Mining
17:18 Stone Mining
17:42 Town Watch
21:53 Wheelbarrow
24:11 Hand Cart
25:22 Fletching
28:56 Imperial Age
28:00 Bodkin Arrow
30:09 Ballistics
29:47 Murder Holes
31:58 Crop Rotation
32:42 Two-Man Saw
32:09 Scale Barding Armor
32:08 Husbandry
33:08 Bloodlines
34:05 Chemistry
34:44 Stone Shaft Mining
34:49 Gold Shaft Mining
34:51 Chain Barding Armor
34:43 Forging
35:03 Conscription
36:46 Citadels
36:43 Kamandaran
37:51 Thumb Ring
37:07 Crossbowman
37:26 Elite War Elephant
38:14 Capped Ram
38:31 Cavalier
39:50 Plate Barding Armor
39:51 Iron Casting
39:17 Padded Archer Armor
39:18 Scale Mail Armor
39:41 Squires
39:27 Arson
39:04 Pikeman
39:58 Caravan
43:28 Siege Ram
47:40 Blast Furnace
46:56 Chain Mail Armor
46:57 Leather Archer Armor
47:24 Hoardings
46:20 Halberdier
46:39 Savar
50:59 Plate Mail Armor
51:00 Ring Archer Armor
57:06 Devotion
Elite Seraphim
3:19 Loom
11:21 Feudal Age
12:16 Horse Collar
12:23 Double-Bit Axe
13:15 Wheelbarrow
12:33 Gold Mining
17:08 Castle Age
18:05 Thumb Ring
17:53 Fletching
18:03 Padded Archer Armor
18:15 Squires
18:01 Gambesons
18:02 Arson
18:40 Hand Cart
18:52 Bow Saw
19:49 Ballistics
20:12 Bodkin Arrow
24:03 Scale Mail Armor
24:19 Leather Archer Armor
28:02 Elite Skirmisher
35:31 Imperial Age
33:35 Scale Mail Armor
33:45 Forging
38:12 Heavy Mounted Crossbowman
39:00 Bracer
39:19 Siege Engineers
40:15 Chemistry
38:39 Cranequins
39:44 Heavy Plow
39:54 Husbandry
40:05 Bloodlines
40:12 Bloodlines
41:42 Capped Ram
44:28 Stone Mining
44:40 Elite Jomsviking
45:46 Conscription
45:49 Siege Ram
46:30 Elite Varangian Guard
46:31 Man-at-Arms
47:29 Chain Mail Armor
47:49 Iron Casting
47:45 Ring Archer Armor
48:03 Gold Shaft Mining
48:07 Stone Shaft Mining
47:27 Hamask
48:01 Long Swordsman
48:36 Two-Handed Swordsman
49:48 Plate Mail Armor
49:16 Northmen's Fury
49:28 Champion
51:10 Blast Furnace
52:51 Pikeman
52:55 Elite Varangian Guard
54:05 Halberdier
ENJIN3AR
9:27 Feudal Age
11:30 Loom
14:35 Castle Age
12:46 Double-Bit Axe
12:56 Gold Mining
12:50 Horse Collar
14:29 Padded Archer Armor
14:43 Bloodlines
17:07 Husbandry
23:16 Fervor
25:04 Wheelbarrow
24:55 Leather Archer Armor
30:53 Imperial Age
28:40 Hand Cart
31:15 Town Watch
31:27 Capped Ram
32:48 Conscription
34:38 Elite Conquistador
34:59 Siege Ram
35:57 Cavalier
41:24 Forging
41:20 Scale Barding Armor
41:16 Scale Mail Armor
41:46 Ring Archer Armor
41:07 Fletching
40:44 Paladin
43:02 Iron Casting
46:23 Chain Barding Armor
46:24 Stone Mining
46:51 Bow Saw
52:57 Plate Barding Armor
53:23 Blast Furnace
52:19 Bodkin Arrow
52:39 Chain Mail Armor
52:43 Squires
52:03 Pikeman
55:18 Caravan
55:55 Ballistics
56:37 Chemistry
55:33 Murder Holes
57:21 Plate Mail Armor
Connection lost

Rejoining the realm…

Still unreachable

The connection could not be restored.

Session expired

The server has moved on; the page needs a fresh start.